 Dungeon Crawl Stone Soup version 0.19.4-8-ga85b6b9 (webtiles) character file.

420 empire the Firebug (level 6, -3/28 HPs)
             Began as a Deep Elf Fire Elementalist on Feb 6, 2017.
             Killed from afar by an orc wizard (9 damage)
             ... with a magic dart
             ... on level 4 of the Dungeon.
             The game lasted 00:09:53 (2780 turns).

empire the Firebug (Deep Elf Fire Elementalist)     Turns: 2780, Time: 00:09:54

Health: -3/28      AC:  3    Str:  8 (10) XL:     6   Next: 62%
Magic:  1/14       EV: 13    Int: 19 (20) God:
Gold:   135        SH:  0    Dex: 15 (16) Spells: 3 memorised, 6 levels left

rFire  . . .     SeeInvis .     a - +0 dagger
rCold  . . .     Gourm    .     i - +0 robe
rNeg   . . .     Faith    .     (no shield)
rPois  .         Spirit   .     (no helmet)
rElec  .         Reflect  .     (no cloak)
rCorr  .         Harm     .     (no gloves)
MR     .....                    q - +0 pair of boots
Stlth  ++........               (no amulet)
                                y - ring of flight
                                t - +4 ring of strength

@: no status effects
A: frail 1
a: Evoke Flight


You were on level 4 of the Dungeon.
You were very hungry.

You visited 1 branch of the dungeon, and saw 4 of its levels.

You collected 135 gold pieces.

Inventory:

Hand Weapons
 a - a +0 dagger (weapon)
 h - a +1 falchion of electrocution
 n - a +2 halberd of chopping
Missiles
 o - 12 arrows
 r - 13 poisoned needles
Armour
 i - a +0 robe (worn)
 q - a +0 pair of boots (worn)
Jewellery
 t - a +4 ring of strength (left hand)
 y - a ring of flight (right hand)
Scrolls
 d - a scroll of amnesia {unknown}
 e - a scroll of immolation {unknown}
 f - 4 scrolls of remove curse {unknown}
 g - 4 scrolls of identify {unknown}
 j - a scroll of random uselessness {unknown}
 l - 2 scrolls of teleportation {unknown}
 p - a scroll of fog {unknown}
 v - 2 scrolls of magic mapping {unknown}
 w - a scroll of enchant weapon {unknown}
 B - a scroll of recharging {unknown}
Potions
 m - 2 potions of heal wounds
Books
 b - a book of Flames

   Spells                             Type                      Level
   a - Flame Tongue                   Conjuration/Fire             1
   b - Throw Flame                    Conjuration/Fire             2
   c - Conjure Flame                  Conjuration/Fire             3
   d - Inner Flame                    Hexes/Fire                   3
   e - Sticky Flame                   Conjuration/Fire             4
   f - Fireball                       Conjuration/Fire             5
 x - a book of Conjurations

   Spells                             Type                      Level
   a - Magic Dart                     Conjuration                  1
   b - Searing Ray                    Conjuration                  2
   c - Dazzling Spray                 Conjuration/Hexes            3
   d - Fulminant Prism                Conjuration/Hexes            4
   e - Iskenderun's Mystic Blast      Conjuration                  4
   f - Iskenderun's Battlesphere      Conjuration/Charms           5
Comestibles
 c - 3 bread rations
 k - 2 royal jellies
 s - a meat ration


   Skills:
 - Level 2.4 Dodging
 - Level 2.4 Stealth
 + Level 4.6 Spellcasting
 + Level 5.0 Conjurations
 + Level 2.7 Hexes
 + Level 5.1 Fire Magic


You had 6 spell levels left.
You knew the following spells:

 Your Spells              Type           Power        Failure   Level  Hunger
a - Flame Tongue          Conj/Fire      ###..        1%          1    None
b - Sticky Flame          Conj/Fire      ###.....     17%         4    ####...
c - Dazzling Spray        Conj/Hex       ###...       10%         3    ###....


Dungeon Overview and Level Annotations

Branches:
Dungeon (4/15)
 Temple: D:4-7

Altars:
Makhleb
Nemelex Xobeh
Qazlal


Innate Abilities, Weirdness & Mutations

You are frail. (-10% HP)


Message History

The phantom hits you.
You hit the phantom.
The phantom is lightly damaged.
The orc wizard mumbles some strange words.
The orc wizard seems to speed up.
The phantom hits you.
* * * LOW HITPOINT WARNING * * *
You hear a shout!
Casting: Sticky Flame
Confirm with . or Enter, or press ? or * to list all spells.
You don't have enough magic to cast that spell.
Casting: Sticky Flame
Confirm with . or Enter, or press ? or * to list all spells.
Aiming: Flame Tongue
Press: ? - help, Shift-Dir - straight line, f/p - phantom
Aim: a phantom (lightly damaged)
The flame tongue hits the phantom.
The phantom is moderately damaged.
The orc wizard gestures at you while chanting.
The magic dart hits you!
You die...

## #.#.# ..#.# #.#.# #
.... ...##### .o. #.#
#.##... #o# #...
#....## #.#
#.#.###.##### ##.##
#.#.....#
#oo.#######.###.#######
#.P.#.@W..).[..........
#o..#.##############...
#.##.# #### #..o.#
######


You could see a phantom and an orc wizard.

Vanquished Creatures
  Menkaure (D:4)
  A sky beast (D:4)
  A hound (D:3)
  An orc wizard (D:4)
  4 gnolls (D:3)
  3 adders
  2 worms (D:2)
  3 dart slugs (D:1)
  A leopard gecko (D:3)
  6 orcs
  2 giant cockroaches (D:1)
  7 goblins
  4 hobgoblins
  9 kobolds
  2 quokkas
  14 bats
  12 frilled lizards
  4 rats
77 creatures vanquished.

Notes
Turn   | Place    | Note
-------+----------+-------------------------------------------
     0 | D:1      | empire the Deep Elf Fire Elementalist began the quest for the Orb.
     0 | D:1      | Reached XP level 1. HP: 10/10 MP: 6/6
    79 | D:1      | Reached XP level 2. HP: 6/15 MP: 0/8
   611 | D:1      | Reached XP level 3. HP: 19/19 MP: 7/9
  1736 | D:3      | Reached XP level 4. HP: 23/24 MP: 10/10
  1809 | D:3      | Found a burning altar of Makhleb.
  1998 | D:3      | Reached XP level 5. HP: 15/28 MP: 0/12
  2045 | D:3      | Learned a level 4 spell: Sticky Flame
  2145 | D:3      | Learned a level 3 spell: Dazzling Spray
  2186 | D:3      | Found a stormy altar of Qazlal.
  2462 | D:4      | Found a sparkling altar of Nemelex Xobeh.
  2513 | D:4      | Noticed Menkaure
  2521 | D:4      | Killed Menkaure
  2521 | D:4      | Reached XP level 6. HP: 14/32 MP: 2/14
  2703 | D:4      | Noticed a sky beast
  2717 | D:4      | Killed a sky beast
  2717 | D:4      | Reached skill level 5 in Conjurations
  2717 | D:4      | Reached skill level 5 in Fire Magic
  2724 | D:4      | Gained mutation: You are frail. (-10% HP) [mutagenic meat]
  2780 | D:4      | Killed from afar by an orc wizard

Skill      XL: |  1  2  3  4  5  6 |
---------------+-------------------+-----
Conjurations   | 2 3 4 5 |  5.0
Fire Magic     | 4 5 |  5.1
Spellcasting   | 4 |  4.6
Hexes          | 2 |  2.7
Dodging        | |  2.4
Stealth        | |  2.4

Action                   |  1- 3 |  4- 6 || total
-------------------------+-------+-------++-------
Melee: Dagger            |    18 |     5 ||    23
 Cast: Flame Tongue      |    66 |    47 ||   113
       Sticky Flame      |       |     5 ||     5
  Use: Potion            |       |     8 ||     8
 Stab: Sleeping          |     1 |     2 ||     3
  Eat: Chunk             |     2 |     5 ||     7
Armor: Robe              |     8 |     7 ||    15
Dodge: Dodged            |    25 |    20 ||    45
